 Dungeon Crawl Stone Soup version 0.30.0-15-g856e2d3f33 (webtiles) character file.

Game seed: 11148532461906782236

193 Jackthecabe the Charlatan (level 5, -8/41 HPs)
             Began as a Gnoll Wanderer on May 19, 2023.
             Killed from afar by Ijyb (11 damage)
             ... with an iceblast
             ... on level 3 of the Dungeon.
             The game lasted 00:05:09 (2923 turns).

Jackthecabe the Charlatan (Gnoll Wanderer)          Turns: 2923, Time: 00:05:10

Health: -8/41      AC:  5    Str: 16    XL:     5   Next: 72%
Magic:  1/9        EV: 11    Int: 12    God:
Gold:   181        SH:  0    Dex: 20    Spells: 8/10 levels left

rFire   . . .        a - +2 dagger
rCold   . . .        (no shield)
rNeg    . . .        i - +0 ring mail
rPois   .            (no helmet)
rElec   .            (no cloak)
rCorr   .            (no gloves)
SInv    .            (no boots)
Will    .....        (no amulet)
Stlth   ++           s - +6 ring of dexterity
HPRegen 0.26/turn    j - +6 ring of dexterity
MPRegen 0.11/turn

%: no passive effects
@: no status effects
A: fangs 1, strong nose, distributed training
a: no special abilities


You were on level 3 of the Dungeon.
You visited 1 branch of the dungeon, and saw 3 of its levels.

You collected 181 gold pieces.

Inventory:

Hand Weapons
 a - a +2 dagger (weapon)
Missiles
 w - 2 poisoned darts
Armour
 c - a +0 scale mail
 i - a +0 ring mail (worn)
   (You found it on level 1 of the Dungeon)
Magical Staves
 e - a staff of conjuration
   (You found it on level 1 of the Dungeon)
 l - a staff of poison {rP+}
   (You found it on level 1 of the Dungeon)
Jewellery
 f - a ring of flight {+Fly}
   (You found it on level 1 of the Dungeon)
 j - a +6 ring of dexterity (right hand)
   (You found it on level 1 of the Dungeon)
 o - a ring of magical power {MP+9}
   (You found it on level 2 of the Dungeon)
 s - a +6 ring of dexterity (left hand)
   (You found it on level 3 of the Dungeon)
 v - a ring of willpower
   (You took it off a kobold on level 3 of the Dungeon)
 F - a ring of protection from fire {rF+}
   (You took it off a kobold on level 2 of the Dungeon)
Scrolls
 h - 2 scrolls of identify {unknown}
 k - a scroll of enchant weapon {unknown}
 n - a scroll of poison {unknown}
 r - a scroll of teleportation {unknown}
 u - a scroll of vulnerability {unknown}
Potions
 d - a potion of curing {@q1, !d}
 g - 3 potions of mutation {unknown}
 m - a potion of ambrosia {unknown}
 p - a potion of degeneration {unknown}
 q - a potion of attraction {unknown}
 t - 2 potions of lignification {unknown}


   Skills:
 + Level 3.1 Fighting
 + Level 1.7 Short Blades
 + Level 1.7 Long Blades
 + Level 1.7 Axes
 + Level 1.7 Maces & Flails
 + Level 1.7 Polearms
 + Level 1.7 Staves
 + Level 1.7 Ranged Weapons
 + Level 4.9 Throwing
 + Level 3.1 Armour
 + Level 1.7 Dodging
 + Level 1.7 Stealth
 + Level 1.7 Shields
 + Level 1.7 Unarmed Combat
 + Level 3.3 Spellcasting
 + Level 1.3 Conjurations
 + Level 1.3 Hexes
 + Level 1.3 Summonings
 + Level 1.3 Necromancy
 + Level 4.0 Translocations
 + Level 1.3 Transmutations
 + Level 1.3 Fire Magic
 + Level 1.3 Ice Magic
 + Level 1.3 Air Magic
 + Level 1.3 Earth Magic
 + Level 1.3 Poison Magic
 + Level 1.9 Invocations
 + Level 6.7 Evocations


You had 8 spell levels left.
You knew the following spells:

 Your Spells              Type           Power      Damage    Failure   Level
a - Sandblast             Erth           10%        2d5       26%         1
g - Apportation           Tloc           22%        N/A       9%          1

Your spell library contained the following spells:

 Spells                   Type           Power      Damage    Failure   Level
 Vhi's Electric Charge    Tloc/Air       16%        N/A       41%         3
 Summon Guardian Golem    Hex/Summ       5%         N/A       58%         3
 Animate Armour           Summ/Erth      10%        N/A       94%         4
 Summon Ice Beast         Ice/Summ       5%         N/A       94%         4
 Monstrous Menagerie      Summ           2%         N/A       100%        7


Dungeon Overview and Level Annotations

Branches:
Dungeon (3/15)

Altars:

Annotations:
D:2 1 runed translucent door, Crazy Yiuf
D:3 Ijyb


Innate Abilities, Weirdness & Mutations

You have very sharp teeth.
Your uncanny sense of smell can sniff out nearby items.
Your experience applies equally to all skills.


Message History

You barely miss Ijyb. Ijyb hits you but does no damage.
You hit Ijyb. Ijyb hits you with a +0 dagger.
You take 4 damage, and have 23/41 hp.
You barely miss Ijyb. Ijyb hits you but does no damage.
You hit Ijyb but do no damage. You bite Ijyb, but do no damage.
Ijyb hits you with a +0 dagger.
You take 2 damage, and have 21/41 hp.
You hit Ijyb but do no damage. You bite Ijyb, but do no damage.
Ijyb hits you but does no damage.
You hit Ijyb but do no damage. You hit Ijyb but do no damage.
Ijyb barely misses you.
You barely miss Ijyb. Ijyb barely misses you.
You hit Ijyb. You bite Ijyb, but do no damage. Ijyb hits you with a +0 dagger.
You take 3 damage, and have 19/41 hp.
You closely miss Ijyb. Ijyb barely misses you.
Casting: Sandblast (safe; 26% risk of failure)
Aiming: Sandblast (safe; 26% risk of failure)
Aim: Ijyb, wielding a +0 dagger, wearing a +4 chain mail and carrying a wand of iceblast (2) (lightly wounded, 81% to hit)
The blast of sand hits Ijyb but does no damage.
Ijyb hits you with a +0 dagger. Ijyb hits you but does no damage.
You take 4 damage, and have 15/41 hp.
You now have 3/9 mp.
Unknown command.
Casting: Sandblast (safe; 26% risk of failure)
Aiming: Sandblast (safe; 26% risk of failure)
Aim: Ijyb, wielding a +0 dagger, wearing a +4 chain mail and carrying a wand of iceblast (2) (lightly wounded, 81% to hit)
The blast of sand hits Ijyb.
Ijyb completely misses you.
You now have 2/9 mp.
Unknown command.
Casting: Sandblast (safe; 26% risk of failure)
Aiming: Sandblast (safe; 26% risk of failure)
Aim: Ijyb, wielding a +0 dagger, wearing a +4 chain mail and carrying a wand of iceblast (2) (moderately wounded, 81% to hit)
You miscast Sandblast.
You are very lightly contaminated with residual magic.
Nothing appears to happen.
Ijyb hits you with a +0 dagger.
You take 2 damage, and have 14/41 hp.
You now have 1/9 mp.
Casting: Sandblast (safe; 26% risk of failure)
Aiming: Sandblast (safe; 26% risk of failure)
Aim: Ijyb, wielding a +0 dagger, wearing a +4 chain mail and carrying a wand of iceblast (2) (moderately wounded, 81% to hit)
The blast of sand hits Ijyb but does no damage.
Ijyb hits you with a +0 dagger. x2
* * * LOW HITPOINT WARNING * * *
You take 4 damage, and have 10/41 hp.
You now have 0/9 mp.
Casting: Sandblast (safe; 26% risk of failure)
You don't know that spell.
Unknown command.
Unknown command.
You aren't carrying any items that you can evoke.
You don't have enough magic to cast this spell.
Throw: 4 darts (curare)
Aim: Ijyb, wielding a +0 dagger, wearing a +4 chain mail and carrying a wand of iceblast (2) (moderately wounded, 65% to hit)
You throw a curare-tipped dart.
The curare-tipped dart barely misses Ijyb.
Unknown command.
Throw: 3 darts (curare)
Aim: Ijyb, wielding a +0 dagger, wearing a +4 chain mail and carrying a wand of iceblast (2) (moderately wounded, 65% to hit)
You throw a curare-tipped dart.
The curare-tipped dart barely misses Ijyb.
Ijyb hits you with a +0 dagger.
* * * LOW HITPOINT WARNING * * *
You take 1 damage, and have 9/41 hp.
Unknown command.
Throw: 2 darts (curare)
Aim: Ijyb, wielding a +0 dagger, wearing a +4 chain mail and carrying a wand of iceblast (2) (moderately wounded, 65% to hit)
You throw a curare-tipped dart.
The curare-tipped dart closely misses Ijyb.
Ijyb completely misses you.
Throw: dart (curare)
Aim: Ijyb, wielding a +0 dagger, wearing a +4 chain mail and carrying a wand of iceblast (2) (moderately wounded, 65% to hit)
You throw a curare-tipped dart.
The curare-tipped dart barely misses Ijyb.
The curare-tipped dart closely misses the ball python.
Ijyb hits you with a +0 dagger.
* * * LOW HITPOINT WARNING * * *
You take 3 damage, and have 6/41 hp.
Unknown command.
Throw: 6 darts (poison)
Aim: Ijyb, wielding a +0 dagger, wearing a +4 chain mail and carrying a wand of iceblast (2) (moderately wounded, 65% to hit)
You throw a poisoned dart. The poisoned dart hits Ijyb.
Ijyb is poisoned.
Throw: 5 darts (poison)
Aim: Ijyb, wielding a +0 dagger, wearing a +4 chain mail and carrying a wand of iceblast (2) (moderately wounded, poisoned, 65% to hit)
You throw a poisoned dart. The poisoned dart barely misses Ijyb.
The poisoned dart closely misses the ball python.
Ijyb hits you but does no damage.
Your magical contamination has completely faded away.
Throw: 4 darts (poison)
Aim: Ijyb, wielding a +0 dagger, wearing a +4 chain mail and carrying a wand of iceblast (2) (moderately wounded, poisoned, 65% to hit)
You throw a poisoned dart. The poisoned dart hits Ijyb.
Ijyb looks even sicker.
Ijyb hits you with a +0 dagger.
* * * LOW HITPOINT WARNING * * *
You take 3 damage, and have 3/41 hp.
Throw: 3 darts (poison)
Aim: Ijyb, wielding a +0 dagger, wearing a +4 chain mail and carrying a wand of iceblast (2) (moderately wounded, very poisoned, 65% to hit)
You throw a poisoned dart. The poisoned dart hits Ijyb!
Ijyb looks as sick as possible!
Ijyb barely misses you.
Unknown command.
Ijyb attacks as you move away! Ijyb barely misses you.
Ijyb zaps a wand.
The mass of ice explodes!
The iceblast engulfs you!
You die...

#.############ #..
#####............#
#..
.....)####.#####.#
#.. #.##### #.#
#.# #># #.# #.#
#.# #.# #.# #.#
#.# #.# #..∆ #.#
#.# ### #.# #@# #
#.# #.# #.# #g#
.S# ##.# #.. #.#
#.# #(#


You could see Ijyb (extremely poisoned) and a ball python.

Vanquished Creatures
  Natasha (thrice) (D:3)
  6 adders (D:2 D:3)
  2 worms (D:2)
  2 dart slugs (D:2 D:3)
  An orc (D:3)
  4 endoplasms (D:2 D:3)
  A giant cockroach (D:1)
  3 hobgoblins (D:1 D:3)
  3 jackals (D:2)
  4 quokkas (D:1 D:2)
  5 ball pythons (D:1 D:2 D:3)
  4 bats (D:1 D:2 D:3)
  5 frilled lizards (D:1 D:2 D:3)
  4 goblins (D:1 D:2 D:3)
  6 kobolds (D:1 D:2 D:3)
  9 rats (D:1 D:2 D:3)
62 creatures vanquished.

Notes
Turn   | Place    | Note
-------+----------+-------------------------------------------
     0 | D:1      | Jackthecabe the Gnoll Wanderer began the quest for the Orb.
     0 | D:1      | Jackthecabe set off with the following items: a +2 dagger,
                  | 4 curare-tipped darts, a +0 scale mail, a potion of curing
                  | {@q1, !d}; and the following spell memorised: Apportation;
                  | and the following spells available to memorise: Vhi's
                  | Electric Charge.
     0 | D:1      | Reached XP level 1. HP: 17/17 MP: 4/4
   224 | D:1      | Reached XP level 2. HP: 21/23 MP: 5/5
   962 | D:2      | Reached XP level 3. HP: 16/28 MP: 7/7
   963 | D:2      | HP: 14/28 [poisoned by an adder]
   969 | D:2      | Reached skill level 1 in Invocations
  1049 | D:2      | Got the Folio of the Quarry and Accompaniment
  1052 | D:2      | Learned a level 1 spell: Sandblast
  1128 | D:2      | Reached skill level 1 in Short Blades
  1128 | D:2      | Reached skill level 1 in Long Blades
  1128 | D:2      | Reached skill level 1 in Axes
  1128 | D:2      | Reached skill level 1 in Maces & Flails
  1128 | D:2      | Reached skill level 1 in Polearms
  1128 | D:2      | Reached skill level 1 in Staves
  1128 | D:2      | Reached skill level 1 in Ranged Weapons
  1128 | D:2      | Reached skill level 1 in Dodging
  1128 | D:2      | Reached skill level 1 in Stealth
  1128 | D:2      | Reached skill level 1 in Shields
  1128 | D:2      | Reached skill level 1 in Unarmed Combat
  1326 | D:2      | Found a runed translucent door.
  1327 | D:2      | Noticed Crazy Yiuf
  1416 | D:2      | Reached XP level 4. HP: 34/34 MP: 3/8
  1564 | D:2      | Reached skill level 3 in Spellcasting
  1873 | D:3      | Reached skill level 1 in Conjurations
  1873 | D:3      | Reached skill level 1 in Hexes
  1873 | D:3      | Reached skill level 1 in Summonings
  1873 | D:3      | Reached skill level 1 in Necromancy
  1873 | D:3      | Reached skill level 1 in Transmutations
  1873 | D:3      | Reached skill level 1 in Fire Magic
  1873 | D:3      | Reached skill level 1 in Ice Magic
  1873 | D:3      | Reached skill level 1 in Air Magic
  1873 | D:3      | Reached skill level 1 in Earth Magic
  1873 | D:3      | Reached skill level 1 in Poison Magic
  1930 | D:3      | Noticed Natasha
  1943 | D:3      | HP: 17/34 [frozen (3)]
  1944 | D:3      | Killed Natasha
  2024 | D:3      | Noticed Natasha
  2038 | D:3      | Killed Natasha
  2039 | D:3      | Reached XP level 5. HP: 22/40 MP: 2/9
  2247 | D:3      | Noticed Natasha
  2256 | D:3      | Killed Natasha
  2257 | D:3      | Reached skill level 3 in Fighting
  2257 | D:3      | Reached skill level 3 in Armour
  2257 | D:3      | Reached skill level 4 in Translocations
  2861 | D:3      | Noticed Ijyb
  2909 | D:3      | HP: 19/41 [Ijyb/+0 dagger (4)]
  2914 | D:3      | HP: 13/41 [Ijyb/+0 dagger (1)]
  2918 | D:3      | HP: 6/41 [Ijyb/+0 dagger (3)]
  2923 | D:3      | Killed from afar by Ijyb

Illustrated notes

Levels and vault maps discovered:
D:1:      dpeg_arrival_concentric_ovals, layout_loops_ring
D:2:      layout_basic, uniq_crazy_yiuf_cottage
D:3:      layout_loops_ring, nicolae_overflow_ecumenical_swirl,
          minmay_mini_jars, uniq_natasha, uniq_ijyb

Skill      XL: |  1  2  3  4  5 |
---------------+----------------+-----
Invocations    | 1 |  1.9
Short Blades   | 1 |  1.7
Long Blades    | 1 |  1.7
Axes           | 1 |  1.7
Maces & Flails | 1 |  1.7
Polearms       | 1 |  1.7
Staves         | 1 |  1.7
Ranged Weapons | 1 |  1.7
Dodging        | 1 |  1.7
Stealth        | 1 |  1.7
Shields        | 1 |  1.7
Unarmed Combat | 1 |  1.7
Spellcasting   | 3 |  3.3
Conjurations   | 1 |  1.3
Hexes          | 1 |  1.3
Summonings     | 1 |  1.3
Necromancy     | 1 |  1.3
Transmutations | 1 |  1.3
Fire Magic     | 1 |  1.3
Ice Magic      | 1 |  1.3
Air Magic      | 1 |  1.3
Earth Magic    | 1 |  1.3
Poison Magic   | 1 |  1.3
Fighting       | 3 |  3.1
Armour         | 3 |  3.1
Translocations | 4 |  4.0
Throwing       | |  4.9
Evocations     | |  6.7

Action                     |  1- 3 |  4- 6 || total
---------------------------+-------+-------++-------
  Melee: Dagger            |   110 |    54 ||   164
         Bite              |     7 |    10 ||    17
         Punch             |     1 |     1 ||     2
  Throw: Dart              |       |     8 ||     8
   Cast: Sandblast         |    17 |    67 ||    84
 Armour: Scale mail        |    10 |       ||    10
         Ring mail         |    41 |    41 ||    82
  Dodge: Dodged            |    51 |    77 ||   128

Levels and vault maps discovered:
D:1:      dpeg_arrival_concentric_ovals, layout_loops_ring
D:2:      layout_basic, uniq_crazy_yiuf_cottage
D:3:      layout_loops_ring, nicolae_overflow_ecumenical_swirl,
          minmay_mini_jars, uniq_natasha, uniq_ijyb

Table legend: (Time is in decaauts)
 A = Elapsed time spent in this place.
 B = Non-inter-level travel time spent in this place.
 C = Inter-level travel time spent in this place.
 D = Time resting spent in this place.
 E = Time spent auto-exploring this place.
 F = Levels seen in this place.
 G = Mean time per level.
                   A        B        C        D        E       F      G
               +--------+--------+--------+--------+--------+-----+--------+
         Total |   2954 |   2905 |     49 |    167 |   2216 |   3 |  984.7 |
       Dungeon |   2954 |   2905 |     49 |    167 |   2216 |   3 |  984.7 |
               +--------+--------+--------+--------+--------+-----+--------+

Top non-repeatable levels by time:
     D:2: 1082 daAuts
     D:3: 1079 daAuts
     D:1: 792 daAuts

Table legend:
 A = Kills in this place as a percentage of kills in the entire game.
 B = Kills by you in this place as a percentage of kills by you in the entire game.
 C = Kills by friends in this place as a percentage of kills by friends in the entire game.
 D = Other kills in this place as a percentage of other kills in the entire game.
 E = Experience gained in this place as a percentage of experience gained in the entire game.
 F = Experience gained in this place divided by the number of levels of this place that you have seen.
                   A       B       C       D       E      F
               +-------+-------+-------+-------+-------+----------------------
         Total | 100.0 | 100.0 |   N/A |   N/A | 100.0 |  92.3
       Dungeon | 100.0 | 100.0 |   N/A |   N/A | 100.0 |  92.3
               +-------+-------+-------+-------+-------+----------------------
